 Dungeon Crawl Stone Soup version 0.31-a0-237-g2d982f9f85 (webtiles) character file.

Game seed: 13262089533557856373

65 qw the Shooter (level 4, -3/26 HPs)
             Began as a Gargoyle Hexslinger on July 10, 2023.
             Slain by an iguana (5 damage)
             ... on level 3 of the Dungeon.
             The game lasted 00:00:39 (1406 turns).

qw the Shooter (Gargoyle Hexslinger)                Turns: 1406, Time: 00:00:39

Health: -3/26      AC:  6    Str: 11    XL:     4   Next: 13%
Magic:  5/5        EV: 11    Int: 14    God:
Gold:   102        SH:  0    Dex: 14    Spells: 4/5 levels left

rFire   . . .        Y - +1 sling
rCold   . . .        (no shield)
rNeg    + . .        a - +0 leather armour
rPois   inf          (no helmet)
rElec   +            (no cloak)
rCorr   .            (no gloves)
SInv    .            (no boots)
Will    .....        (no amulet)
Stlth   +            (no ring)
HPRegen 0.24/turn    (no ring)
MPRegen 0.09/turn

%: no passive effects
@: about to teleport
A: sickness immunity, AC +3, negative energy resistance 1, electricity
resistance, torment resistance 1, petrification resistance
a: no special abilities


You were on level 3 of the Dungeon.
You visited 1 branch of the dungeon, and saw 3 of its levels.

You collected 102 gold pieces.


Innate Abilities, Weirdness & Mutations

You are immune to sickness and miasma.
Your stone body is resilient. (AC +3)
You are immune to poison.
You resist negative energy. (rN+)
You are resistant to electric shocks. (rElec)
You are resistant to unholy torment.
You are immune to petrification.


   Skills:
 - Level 2.0 Fighting
 + Level 4.0 Ranged Weapons
 - Level 1.5 Dodging
 - Level 1.0 Spellcasting
 - Level 2.6 Hexes


You had 4 spell levels left.
You knew the following spells:

 Your Spells              Type           Power      Damage    Failure   Level
a - Slow                  Hex            32%        N/A       12%         1

Your spell library contained the following spells:

 Spells                   Type           Power      Damage    Failure   Level
 Inner Flame              Hex/Fire       4%         N/A       52%         3
 Portal Projectile        Hex/Tloc       8%         N/A       52%         3
 Cause Fear               Hex            4%         N/A       75%         4

Inventory:

Hand Weapons
 Y - a +1 sling (weapon)
Armour
 a - a +0 leather armour (worn)
Potions
 d - a potion of heal wounds {unknown}
 e - a potion of berserk rage {unknown}
 i - a potion of curing
 j - a potion of resistance {unknown}

Dungeon Overview and Level Annotations

Branches:
Dungeon (3/15)

Altars:


Message History

The iguana is heavily wounded.
The iguana bites you.
You shoot a sling bullet.
The sling bullet barely misses the iguana.
The iguana bites you.
You shoot a sling bullet.
The sling bullet completely misses the iguana.
The iguana bites you. The iguana misses you.
You shoot a sling bullet.
The sling bullet closely misses the iguana.
The iguana bites you.
You shoot a sling bullet.
The sling bullet completely misses the iguana.
The iguana closely misses you.
You shoot a sling bullet.
The sling bullet barely misses the iguana.
The iguana barely misses you.
You shoot a sling bullet.
The sling bullet hits the iguana but does no damage.
The iguana is heavily wounded.
The iguana bites you but does no damage.
The iguana barely misses you.
You shoot a sling bullet. The sling bullet hits the iguana.
The iguana is almost dead.
The iguana closely misses you.
You shoot a sling bullet.
The sling bullet hits the iguana but does no damage.
The iguana is almost dead.
The iguana bites you!
1404 ||| READING scroll of teleportation.
As you read the scroll of teleportation, it crumbles to dust.
You feel strangely unstable. The iguana closely misses you.
You shoot a sling bullet.
The sling bullet barely misses the iguana.
The iguana barely misses you.
You shoot a sling bullet.
The sling bullet closely misses the iguana.
The iguana barely misses you. The iguana bites you.
You die...

#. ###... #
##.####....... #.
#.......#..##. #..
#..#.......... ....
.......#....>. .....
#..#........
......#######...........
......l@......#.........
......###..###..#.......
..........###.......#.#.
.....###### #..(....#.#<
.## .........#.#.
###.#.........
...#.....#.##
.........#^#
..........#..


You could see an iguana.

Vanquished Creatures
  An adder (D:2)
  A worm (D:2)
  5 dart slugs
  4 bats
  6 endoplasms
  2 giant cockroaches (D:1)
  3 goblins
  3 hobgoblins
  2 quokkas
  2 ball pythons
  2 frilled lizards (D:1)
  7 kobolds
  4 rats
42 creatures vanquished.

Notes
Turn   | Place    | Note
-------+----------+-------------------------------------------
     0 | D:1      | qw the Gargoyle Hexslinger began the quest for the Orb.
     0 | D:1      | Reached XP level 1. HP: 12/12 MP: 2/2
     0 | D:1      | 0 ||| qw: Version: 0.3-a-52-g30416fa
     0 | D:1      | 0 ||| qw: Game counter: 5356
     0 | D:1      | 0 ||| qw: Melee chars always use a shield: true
     0 | D:1      | 0 ||| qw: God list: Okawaru
     0 | D:1      | 0 ||| qw: Allow faded altars: false
     0 | D:1      | 0 ||| qw: Do Orc after clearing Dungeon:15 true
     0 | D:1      | 0 ||| qw: Do second Lair branch before Depths: true
     0 | D:1      | 0 ||| qw: Lair rune preference: random
     0 | D:1      | 0 ||| qw: Goals: Normal
     0 | D:1      | 0 ||| PLANNING D:1-11
   135 | D:1      | Reached XP level 2. HP: 16/16 MP: 3/3
   261 | D:1      | 261 ||| FLEEEEING.
   292 | D:1      | Reached skill level 3 in Ranged Weapons
   355 | D:1      | Reached XP level 3. HP: 21/21 MP: 4/4
   665 | D:1      | 665 ||| DROPPING ring of magical power.
   666 | D:1      | 666 ||| READING scroll labelled PYEBOL PUM LUXUATZ.
   670 | D:1      | 670 ||| READING scroll labelled BOUF JOMUI.
   671 | D:1      | 671 ||| DROPPING scroll of poison.
  1120 | D:2      | Reached XP level 4. HP: 26/26 MP: 5/5
  1192 | D:2      | Reached skill level 4 in Ranged Weapons
  1324 | D:2      | 1324 ||| UPGRADING to +0 leather armour.
  1334 | D:2      | 1334 ||| DROPPING +0 robe.
  1335 | D:2      | 1335 ||| READING 2 scrolls labelled ORIAHOUME.
  1336 | D:2      | 1336 ||| READING scroll labelled OSUDEI CUQA.
  1337 | D:2      | 1337 ||| DRINKING 2 blue potions.
  1338 | D:2      | 1338 ||| DRINKING 2 dark potions.
  1339 | D:2      | 1339 ||| DROPPING scroll of noise.
  1340 | D:2      | 1340 ||| DROPPING potion of invisibility.
  1403 | D:3      | HP: 1/26 [iguana (10)]
  1404 | D:3      | 1404 ||| READING scroll of teleportation.
  1406 | D:3      | Slain by an iguana

Levels and vault maps discovered:
D:1:      wander_arrival_fairy_ring, layout_basic
D:2:      layout_basic, nrook_campfire
D:3:      layout_rooms, mainiacjoe_overflow_concentric_impassable, uniq_natasha

Skill      XL: |  1  2  3  4 |
---------------+-------------+-----
Ranged Weapons | 3 4 |  4.0
Fighting       | 2 |  2.0
Dodging        | |  1.5
Spellcasting   | |  1.0
Hexes          | |  2.6

Action                     |  1- 3 |  4- 6 || total
---------------------------+-------+-------++-------
   Fire: Sling             |   118 |    19 ||   137
    Use: Scroll            |     2 |     3 ||     5
         Potion            |       |     2 ||     2
 Armour: Robe              |    20 |       ||    20
         Leather armour    |       |     1 ||     1
  Dodge: Dodged            |    28 |    12 ||    40

Table legend:
 A = Non-vault XP
 B = Vault XP
 C = Vault XP percentage of total XP
 D = Non-vault monster count
 E = Vault monster count
 F = Vault count percentage of total count
                 A         B        C        D         E       F
            +---------+---------+-------+---------+---------+-------
      Total |      93 |       0 |   0.0 |      42 |       0 |   0.0
            +---------+---------+-------+---------+---------+-------
        D:1 |      45 |       0 |   0.0 |      25 |       0 |   0.0
        D:2 |      48 |       0 |   0.0 |      17 |       0 |   0.0
            +---------+---------+-------+---------+---------+-------
